 Dungeon Crawl Stone Soup version 0.16.2-12-gd0ad4c3 (webtiles) character file.

15677 Peloso the Blocker (level 12, -10/107 HPs)
             Began as a Minotaur Fighter on Oct 10, 2015.
             Was a High Priest of Okawaru.
             Mangled by a komodo dragon (22 damage)
             ... on level 3 of the Lair of Beasts.
             The game lasted 01:04:51 (14196 turns).

Peloso the Blocker (Minotaur Fighter)              Turns: 14196, Time: 01:04:51

Health: -10/107    AC: 21    Str: 23    XL:     12   Next: 3%
Magic:  6/6        EV:  9    Int:  5    God:    Okawaru [*****.]
Gold:   172        SH: 13    Dex: 13    Spells: 0 memorised, 11 levels left

rFire  + . .     SeeInvis .     O - +1 demon blade (drain)
rCold  x . .     Clarity  .     E - +1 plate armour
rNeg   + + .     SustAb   .     c - +0 shield
rPois  .         Gourm    .     (helmet restricted)
rElec  .         Spirit   .     (no cloak)
rCorr  .         Warding  +     j - +0 pair of gloves
rMut   .         Stasis   .     P - +2 pair of boots {Fly}
MR     .....                    y - amulet of warding
Stlth  ..........               K - ring of fire
                                e - ring of positive energy

@: flying, not resistant to hostile enchantments, extremely unstealthy
A: retaliatory headbutt, horns 2
a: Heroism, Finesse, Renounce Religion, Stop Flying


You were on level 3 of the Lair of Beasts.
You worshipped Okawaru.
Okawaru was extremely pleased with you.
You were very hungry.

You visited 4 branches of the dungeon, and saw 16 of its levels.
You also visited: Labyrinth.

You collected 670 gold pieces.
You spent 498 gold pieces at shops.

Inventory:

Hand weapons
 z - the +3 trident of the Vendetta {flame, *Rage MP+9 Str+3}
   (You found it on level 10 of the Dungeon)

   It has been specially enchanted to burn those struck by it, causing extra
   injury to most foes and up to half again as much damage against particularly
   susceptible opponents.
   It affects your strength (+3).
   It affects your magic capacity (+9).
   It may make you go berserk in combat.
 O - a +1 demon blade of draining (weapon)
Armour
 c - a +0 shield (worn)
 j - a +0 pair of gloves (worn)
 E - a +1 plate armour (worn)
 J - a +2 pair of boots of running
 P - a +2 pair of boots of flying (worn)
 R - the +0 leather armour "Tweud" {rElec rC++}
   (Okawaru gifted it to you on level 1 of the Lair of Beasts)

   It greatly protects you from cold.
   It insulates you from electricity.
Jewellery
 e - a ring of positive energy (left hand)
 u - an uncursed ring of teleport control
 w - a +3 ring of intelligence
 y - an amulet of warding (around neck)
 H - an uncursed ring of stealth
 K - a ring of fire (right hand)
 N - an uncursed ring of protection from magic
Magical devices
 a - a wand of confusion (25)
 t - a wand of draining (6)
 A - a wand of slowing (48)
 L - a wand of disintegration (17)
 Q - a wand of flame (44)
Scrolls
 b - 3 scrolls of enchant armour
 g - a scroll of enchant weapon
 h - a scroll of recharging
 i - a scroll of teleportation
 x - 4 scrolls of blinking
 C - 2 scrolls of fear
 G - 6 scrolls of identify
 S - a scroll of remove curse
 T - 2 scrolls of amnesia
Potions
 m - 4 potions of agility
 o - 2 potions of magic
 p - 6 potions of restore abilities
 r - a potion of invisibility
 s - a potion of curing
 B - a potion of haste
 F - a potion of resistance
Comestibles
 d - 10 bread rations
 l - 10 beef jerkies
 n - 12 meat rations
 v - 9 royal jellies
 D - 7 fruits


   Skills:
 + Level 10.3 Fighting
 + Level 10.5 Long Blades
 + Level 4.2 Polearms
 + Level 12.2 Armour
 + Level 4.2 Dodging
 + Level 1.3 Stealth
 + Level 13.0 Shields
 + Level 0.6 Invocations


You had 11 spell levels left.
You didn't know any spells.

Dungeon Overview and Level Annotations

Branches:
Dungeon (11/15)            Temple (1/1) D:5            Lair (3/8) D:11
    Orc (1/4) D:10
  Swamp: Lair:3-6    Shoals: Lair:3-6     Snake: Lair:3-6    Spider: Lair:3-6

Altars:
Cheibriados
Dithmenos
Elyvilon
Kikubaaqudgha
Okawaru
Ru
Trog
Vehumet
Yredelemnul
Zin
The Shining One

Shops:
D:5 [   D:6 [   D:10 ?

Portals:
Trove: D:11 (give +4 gold dragon armour)

Annotations:
Lair:3 nivlat's ghost, powerful OpMo


Innate Abilities, Weirdness & Mutations

You reflexively headbutt those who attack you in melee.
You have a pair of horns on your head.


Message History

The ball explodes into a vile cloud!
The stinking cloud engulfs you!
The stinking cloud engulfs nivlat's ghost.
You barely miss nivlat's ghost.
Nivlat's ghost is severely damaged.
You are engulfed in noxious fumes.
You choke on the stench!
You are confused.
* * * LOW HITPOINT WARNING * * *
You swing at nothing.
You are engulfed in noxious fumes.
* * * LOW HITPOINT WARNING * * *
Nivlat's ghost hits you!
* * * LOW HITPOINT WARNING * * *
You slash nivlat's ghost! Your headbutt misses nivlat's ghost.
Nivlat's ghost is almost destroyed.
Nivlat's ghost gestures wildly while chanting.
Nivlat's ghost blinks!
Drink which item? (? for menu, Esc to quit)
You feel better.
Nivlat's ghost gestures wildly while chanting.
Nivlat's ghost blinks!
The komodo dragon bites you!!
You die...

..?.. #......# #......#..
. #......#..
.P.###.......# ##
............####.P.
................... .
.......§.§........... ..
.......§@§........... ...
........l§...............
........................
........W...............
..........†..#.#####....
###..#....§#######.....
##.#.....##..........
..#......'.....#....
........##....##....


You could see a komodo dragon and nivlat's ghost.

Vanquished Creatures
  A minotaur (Lab)
  A hydra (Lair:2)
  A black mamba (Lair:1)
  A gargoyle (D:11)
  3 komodo dragons
  Psyche (D:8)
  6 spiny frogs
  A fire drake (Lair:3)
  4 wandering mushrooms (Lab)
  A two-headed ogre (D:7)
  A basilisk (D:11)
  4 yaks (D:9)
  A wyvern (D:9)
  5 hippogriffs
  A soldier ant (D:8)
  3 water moccasins
  A hungry ghost (D:11)
  2 black bears
  13 porcupines
  An ice beast (D:7)
  4 orc warriors
  A spider (D:8)
  3 phantoms
  A centaur (D:8)
  5 ogres
  A boring beetle (D:8)
  8 crocodiles
  A big kobold (D:10)
  A gnoll sergeant (D:7)
  10 giant frogs
  6 scorpions
  10 killer bees
  An electric eel (Lair:2)
  7 wights
  4 crimson imps
  A giant frog zombie (D:8)
  A goliath beetle (D:6)
  A jelly (D:10)
  2 centaur skeletons
  4 centaur zombies
  7 orc priests
  4 iguanas
  Crazy Yiuf (D:3)
  12 hounds
  2 giant frog skeletons
  A gnoll shaman (D:7)
  9 orc wizards
  3 sheep (D:11)
  7 worker ants
  Ijyb (D:3)
  A hound skeleton (D:10)
  10 adders
  12 gnolls
  18 river rats
  3 shadow imps
  3 giant mites
  A worm (D:2)
  8 giant geckos
  54 orcs
  4 ball pythons
  11 bats
  A bat zombie (D:2)
  5 giant cockroaches
  22 hobgoblins
  19 jackals
  30 kobolds
  8 quokkas
  A giant spore (D:10)
  26 goblins
  An orc zombie (D:8)
  A quokka skeleton (D:5)
  A quokka zombie (D:6)
  17 rats
  2 ballistomycetes (D:10)
  2 plants (Lab)
432 creatures vanquished.

Vanquished Creatures (others)
  A fungus (Lair:1)
  A plant (Lab)
2 creatures vanquished.

Grand Total: 434 creatures vanquished

Notes
Turn   | Place    | Note
--------------------------------------------------------------
     0 | D:1      | Peloso, the Minotaur Fighter, began the quest for the Orb.
     0 | D:1      | Reached XP level 1. HP: 19/19 MP: 1/1
   155 | D:1      | Reached skill level 4 in Shields
   155 | D:1      | Reached XP level 2. HP: 26/26 MP: 1/1
   296 | D:1      | Reached XP level 3. HP: 19/33 MP: 2/2
   882 | D:2      | Found a sacrificial altar of Ru.
  1030 | D:2      | Reached XP level 4. HP: 40/40 MP: 2/2
  1044 | D:2      | Found an ancient bone altar of Kikubaaqudgha.
  1701 | D:3      | Reached skill level 5 in Shields
  2022 | D:3      | Reached XP level 5. HP: 46/46 MP: 2/2
  2079 | D:3      | Noticed Ijyb
  2089 | D:3      | Killed Ijyb
  2089 | D:3      | Reached skill level 5 in Armour
  2201 | D:3      | Noticed Crazy Yiuf
  2211 | D:3      | Killed Crazy Yiuf
  2266 | D:3      | Found a snail-covered altar of Cheibriados.
  2367 | D:4      | Reached skill level 1 in Dodging
  2430 | D:4      | Noticed a phantom
  2463 | D:4      | Killed a phantom
  2463 | D:4      | Reached XP level 6. HP: 32/53 MP: 3/3
  2661 | D:4      | Noticed a phantom
  2707 | D:4      | Killed a phantom
  2860 | D:5      | Entered Level 5 of the Dungeon
  2860 | D:5      | Found Yticlun's Armour Emporium.
  2882 | D:5      | Found a glowing silver altar of Zin.
  2931 | D:5      | Reached skill level 6 in Armour
  2931 | D:5      | Reached XP level 7. HP: 14/60 MP: 3/3
  3220 | D:5      | Reached skill level 5 in Fighting
  3259 | D:5      | Found a staircase to the Ecumenical Temple.
  3274 | Temple   | Entered the Ecumenical Temple
  3348 | Temple   | Became a worshipper of Warmaster Okawaru
  3572 | D:6      | Reached skill level 5 in Long Blades
  3891 | D:6      | Acquired Okawaru's first power
  4124 | D:6      | Reached XP level 8. HP: 62/69 MP: 3/3
  4198 | D:6      | Found a shadowy altar of Dithmenos.
  4243 | D:6      | Reached skill level 7 in Shields
  4425 | D:6      | Found Qejerr's Armour Emporium.
  5350 | D:7      | Reached skill level 8 in Armour
  5432 | D:7      | Reached XP level 9. HP: 60/78 MP: 4/4
  6333 | D:8      | Noticed Psyche
  6354 | D:8      | Paralysed by Psyche for 3 turns
  6369 | D:8      | Killed Psyche
  6369 | D:8      | Reached skill level 9 in Armour
  6836 | D:8      | HP: 4/80 [poisoned by a soldier ant]
  7345 | D:8      | Reached XP level 10. HP: 81/88 MP: 4/4
  7481 | D:9      | Found a glowing golden altar of the Shining One.
  7843 | D:9      | Reached skill level 10 in Armour
  7853 | D:9      | Reached skill level 10 in Shields
  8421 | D:10     | Entered Level 10 of the Dungeon
  8621 | D:10     | Found a staircase to the Orcish Mines.
  8690 | D:10     | Found Xygeosen's Magic Scroll Boutique.
  9388 | D:10     | Got a bloodstained trident
  9399 | D:10     | Identified the cursed +3 trident of the Vendetta {flame, *Rage MP+9 Str+3} (You found it on level 10 of the Dungeon)
  9565 | D:11     | Reached skill level 10 in Long Blades
  9565 | D:11     | Reached skill level 11 in Shields
  9976 | Orc:1    | Entered Level 1 of the Orcish Mines
 10297 | D:6      | Bought a +2 pair of boots of running for 498 gold pieces
 10516 | D:11     | Found a portal to a secret trove of treasure.
 10555 | D:11     | Reached skill level 1 in Polearms
 10910 | D:11     | Reached XP level 11. HP: 69/97 MP: 5/5
 11242 | D:11     | Acquired Okawaru's second power
 11274 | D:11     | Found a staircase to the Lair.
 11341 | Lair:1   | Entered Level 1 of the Lair of Beasts
 11419 | Lair:1   | Found a labyrinth entrance.
 11457 | Lab      | Entered a labyrinth
 12130 | Lab      | Noticed a minotaur
 12147 | Lab      | Killed a minotaur
 12147 | Lab      | Reached skill level 1 in Stealth
 12147 | Lab      | Reached skill level 12 in Shields
 12431 | Lair:1   | Received a gift from Okawaru
 12434 | Lair:1   | Got a brightly glowing leather armour {god gift}
 13040 | Lair:1   | Identified the +0 leather armour "Tweud" {rElec rC++} (Okawaru gifted it to you on level 1 of the Lair of Beasts)
 13285 | Lair:2   | Noticed a five-headed hydra
 13298 | Lair:2   | Killed a five-headed hydra
 13362 | Lair:2   | Reached skill level 10 in Fighting
 14075 | Lair:3   | Reached XP level 12. HP: 94/107 MP: 6/6
 14100 | Lair:3   | Noticed nivlat's ghost (powerful OpMo)
 14141 | Lair:3   | Reached skill level 13 in Shields
 14194 | Lair:3   | HP: 5/107 [nivlat's ghost (13)]
 14196 | Lair:3   | Mangled by a komodo dragon

Action                   |  1- 3 |  4- 6 |  7- 9 | 10-12 || total
-------------------------+-------+-------+-------+-------++-------
Melee: Long sword        |   103 |   218 |   580 |   280 ||  1181
       Trident           |       |       |       |   330 ||   330
       Demon blade       |       |       |       |   145 ||   145
Invok: Heroism           |       |       |       |     4 ||     4
  Use: Scroll            |       |       |    24 |     6 ||    30
       Potion            |       |       |     2 |     4 ||     6
  Eat: Chunk             |       |     6 |    16 |    18 ||    40
       Pizza             |       |       |       |     1 ||     1
       Fruit             |       |       |       |     5 ||     5
